 Dungeon Crawl Stone Soup version 0.29.1-15-g9cfb28693d (webtiles) character file.

Game seed: 3592679408746494023

198 Artool the Cudgeller (level 5, -2/41 HPs)
             Began as a Demonspawn Gladiator on Apr 5, 2023.
             Slain by Edmund
             ... wielding a +1 dire flail of protection
              (12 damage)
             ... on level 4 of the Dungeon.
             The game lasted 00:05:01 (4778 turns).

Artool the Cudgeller (Demonspawn Gladiator)         Turns: 4778, Time: 00:05:02

Health: -2/41      AC: 11    Str: 14    XL:     5   Next: 47%
Magic:  5/5        EV: 13    Int:  9    God:
Gold:   116        SH:  0    Dex: 17    Spells: 4/4 levels left

rFire   . . .      SeeInvis .   m - +0 whip
rCold   + . .      Faith    .   (no shield)
rNeg    . . .      Spirit   .   v - +2 leather armour {rF+}
rPois   .          Reflect  .   c - +0 helmet
rElec   .          Harm     .   q - +2 cloak
rCorr   .          Rampage  .   (no gloves)
Will    .....                   (no boots)
Stlth   +.........              (no amulet)
HPRegen 0.13/turn               j - ring of flight
MPRegen 0.09/turn               w - ring of ice

@: flying
A: claws 1, icy blue scales 1
a: no special abilities


You were on level 4 of the Dungeon.
You visited 1 branch of the dungeon, and saw 4 of its levels.

You collected 116 gold pieces.

Inventory:

Hand Weapons
 a - a +0 flail
 m - a +0 whip (weapon)
Missiles
 d - 3 throwing nets (quivered)
 e - 3 javelins
 r - 3 boomerangs
Armour
 b - a +0 leather armour
 c - a +0 helmet (worn)
 q - a +2 cloak (worn)
 v - a +2 leather armour of fire resistance (worn)
Jewellery
 j - a ring of flight (left claw)
 w - a ring of ice (right claw)
Wands
 s - a wand of digging (4)
Scrolls
 k - a scroll of enchant weapon {unknown}
 l - 5 scrolls of identify {unknown}
 n - a scroll of enchant armour {unknown}
 p - 2 scrolls of teleportation {unknown}
 u - a scroll of immolation {unknown}
 x - a scroll of blinking {unknown}
Potions
 f - a potion of mutation {unknown}
 g - 3 potions of curing {unknown}
 h - a potion of resistance {unknown}
 i - 2 potions of attraction {unknown}
 o - 2 potions of flight {unknown}
 t - a potion of degeneration {unknown}


   Skills:
 + Level 3.3 Fighting
 + Level 3.6 Maces & Flails
 - Level 1.7 Throwing
 + Level 2.1 Armour
 + Level 3.6 Dodging


You had 4 spell levels left.
You didn't know any spells.
Your spell library contained the following spells:

 Spells                   Type           Power      Damage    Failure   Level
 Blink                    Tloc           0%         N/A       58%         2
 Manifold Assault         Tloc           0%         N/A       100%        5
 Storm Form               Tmut/Air       0%         N/A       100%        7


Dungeon Overview and Level Annotations

Branches:
Dungeon (4/15)
 Temple: D:4-7

Altars:
Ashenzari
Yredelemnul

Shops:
D:1 :

Annotations:
D:4 Edmund


Innate Abilities, Weirdness & Mutations

You have sharp fingernails.
You are partially covered in icy blue scales. (AC +2)


Message History

You now have 116 gold pieces (gained 10).
Edmund the Younger comes into view.
He is wielding a +1 dire flail of protection.
Edmund shouts!
Edmund is nearby!
Edmund is nearby!
You closely miss Edmund. You claw Edmund, but do no damage.
Edmund hits you with a +1 dire flail of protection.
Edmund is nearby!
You closely miss Edmund.
Edmund hits you with a +1 dire flail of protection.
You hit Edmund but do no damage. Edmund closely misses you.
You closely miss Edmund. You hit Edmund but do no damage. Edmund misses you.
You hit Edmund but do no damage. Edmund barely misses you.
You barely miss Edmund.
Edmund hits you with a +1 dire flail of protection.
You barely miss Edmund. Edmund barely misses you.
You hit Edmund but do no damage.
Edmund hits you with a +1 dire flail of protection.
You hit Edmund but do no damage. Edmund barely misses you.
You closely miss Edmund. Edmund hits you but does no damage.
You barely miss Edmund. Edmund closely misses you.
You hit Edmund but do no damage.
Edmund hits you with a +1 dire flail of protection.
You hit Edmund but do no damage. Edmund closely misses you.
You closely miss Edmund.
Edmund hits you with a +1 dire flail of protection.
You closely miss Edmund.
Edmund hits you with a +1 dire flail of protection!
* * * LOW HITPOINT WARNING * * *
You hit Edmund but do no damage. You hit Edmund but do no damage.
Edmund barely misses you.
You hit Edmund but do no damage. Edmund completely misses you.
You hit Edmund.
Edmund is lightly wounded.
Edmund hits you but does no damage.
You completely miss Edmund.
Edmund is lightly wounded.
Edmund hits you with a +1 dire flail of protection!
You die...

#### ####### #...
.....# #..#
#.#.###### #..#
#......... #..#
#.#.#..... #..#
#......... #.@#
#.#.#..... #.@#
#.#<#.....
#..#######.#.#.....
#..........#.#.....
#.####..#....####.#
#.........#..####.#
######.##...###...#
#.###.## #.###
#.###.# #.# #.....#
#.#


You could see Edmund.

Vanquished Creatures
  A gnoll bouda (D:3)
  Ijyb (D:3)
  4 gnolls (D:3)
  4 adders
  An ufetubus (D:4)
  3 worms (D:2)
  2 dart slugs (D:2)
  6 ball pythons
  4 bats
  5 endoplasms
  2 giant cockroaches
  5 goblins
  6 hobgoblins
  2 jackals (D:2)
  4 frilled lizards
  A kobold (D:1)
  4 rats
55 creatures vanquished.

Notes
Turn   | Place    | Note
-------+----------+-------------------------------------------
     0 | D:1      | Artool the Demonspawn Gladiator began the quest for the
                  | Orb.
     0 | D:1      | Reached XP level 1. HP: 16/16 MP: 1/1
   331 | D:1      | Gained mutation: You have sharp fingernails. [demonic
                  | ancestry]
   331 | D:1      | Reached XP level 2. HP: 12/22 MP: 2/2
   516 | D:1      | Found Gicuseko's Book Boutique.
   986 | D:1      | Found a faded altar of an unknown god.
  1467 | D:2      | Reached skill level 1 in Armour
  1607 | D:2      | Reached XP level 3. HP: 21/28 MP: 3/3
  2693 | D:3      | Noticed Ijyb
  2705 | D:3      | Killed Ijyb
  2706 | D:3      | Gained mutation: You are partially covered in icy blue
                  | scales. (AC +2) [demonic ancestry]
  2706 | D:3      | Reached XP level 4. HP: 26/34 MP: 4/4
  2821 | D:3      | Found a basalt altar of Yredelemnul.
  3355 | D:3      | Found a broken altar of Ashenzari.
  4144 | D:3      | Reached XP level 5. HP: 39/41 MP: 5/5
  4755 | D:4      | Noticed Edmund
  4778 | D:4      | Slain by Edmund

Illustrated notes

Levels and vault maps discovered:
D:1:      lemuel_arrival_rhombus, layout_loops_ring, serial_shops, shop,
          hellmonk_ecumenical_altar_leap_of_faith, dk_noncrumbling_2
D:2:      layout_loops_ring
D:3:      layout_loops_ring, overflow_temple_1_default,
          nicolae_overflow_squiral, nicolae_figureground_pulse, uniq_ijyb
D:4:      minmay_bubble_buster, layout_loops_ring, uniq_edmund

Skill      XL: |  1  2  3  4  5 |
---------------+----------------+-----
Maces & Flails | 3 |  3.6
Armour         | 1 2 |  2.1
Dodging        | 3 |  3.6
Fighting       | 3 |  3.3
Throwing       | |  1.7

Action                   |  1- 3 |  4- 6 || total
-------------------------+-------+-------++-------
Melee: Flail             |   123 |    91 ||   214
       Punch             |       |     3 ||     3
       Whip              |       |    21 ||    21
 Stab: Sleeping          |       |     1 ||     1
Armor: Leather armour    |    31 |    57 ||    88
Dodge: Dodged            |    68 |    91 ||   159
